 Dungeon Crawl Stone Soup version 0.29-a0-231-g945431f764 (webtiles) character file.

Game seed: 14578815320577799695

328 GabrielManson the Sneak (level 6, -10/28 HPs)
             Began as a Felid Delver on Mar 1, 2022.
             Killed from afar by a steam dragon (11 damage)
             ... with a ball of steam
             ... on level 4 of the Dungeon.
             The game lasted 00:23:52 (4600 turns).

GabrielManson the Sneak (Felid Delver)              Turns: 4600, Time: 00:23:53

Health: -10/28     AC:  2    Str: 10    XL:     6   Next: 25%
Magic:  12/12      EV: 19    Int: 12    God:
Gold:   195        SH:  0    Dex: 19    Spells: 7/14 levels left
                                        Lives:  0   Deaths: 1

rFire   . . .      SeeInvis +     - Unarmed
rCold   . . .      Faith    .   (shield unavailable)
rNeg    . . .      Spirit   .   (body armour unavailable)
rPois   .          Reflect  .   (helmet unavailable)
rElec   .          Harm     .   (cloak unavailable)
rCorr   +          Rampage  .   (gloves unavailable)
Will    .....                   (boots unavailable)
Stlth   ++++......              (no amulet)
HPRegen 0.09/turn               q - ring of resist corrosion
MPRegen 0.13/turn               (no ring)

@: quick
A: very small, claws 1, fangs 3, see invisible, speed 1, shaggy fur 2, stealthy
paws, no weapons or thrown items, no armour, multi-lived, low MP 1, sense
surroundings 1, strong 1
a: no special abilities


You were on level 4 of the Dungeon.
You visited 1 branch of the dungeon, and saw 5 of its levels.

You collected 195 gold pieces.

Inventory:

Jewellery
 q - a ring of resist corrosion (left paw)
Wands
 e - a wand of digging (3)
Scrolls
 a - 3 scrolls of fog
 b - a scroll of magic mapping
 c - a scroll of fear
 g - a scroll of silence {unknown}
 h - 2 scrolls of amnesia {unknown}
 i - 4 scrolls of identify
 l - a scroll of teleportation {unknown}
 o - a scroll of torment {unknown}
 p - a scroll of noise {unknown}
Potions
 d - 4 potions of haste
 f - a potion of cancellation {unknown}
 j - a potion of lignification {unknown}
 k - 3 potions of magic
 m - a potion of curing {unknown}


   Skills:
 - Level 3.3 Fighting
 - Level 4.0 Dodging
 - Level 6.6 Stealth
 + Level 4.6 Unarmed Combat
 * Level 4.5 Spellcasting
 - Level 1.0 Air Magic


You had 7 spell levels left.
You knew the following spells:

 Your Spells              Type           Power      Damage    Failure   Level
a - Shock                 Conj/Air       12%        1d3       17%         1
b - Animate Skeleton      Necr           4%         N/A       22%         1
c - Apportation           Tloc           4%         N/A       22%         1
d - Summon Small Mammal   Summ           8%         N/A       22%         1
e - Swiftness             Air            5%         N/A       38%         3

Your spell library contained the following spells:

 Spells                   Type           Power      Damage    Failure   Level
 Airstrike                Air            2%         N/A       80%         4


Dungeon Overview and Level Annotations

Branches:
Dungeon (5/15)
 Temple: D:4-7

Altars:
Xom
Yredelemnul

Shops:
D:5 ([


Innate Abilities, Weirdness & Mutations

You have sharp claws.
You have razor-sharp teeth.
You have supernaturally acute eyesight. (SInv)
You cover ground quickly. (Speed+)
You are covered in thick fur. (AC +2)
Your paws help you pounce on unaware monsters.
You are incapable of wielding weapons or throwing items.
You cannot wear armour.
You gain extra lives every three experience levels.
Your magical capacity is low. (-10% MP)
You passively map a small area around you.
Your muscles are strong. (Str +2)


Message History

The ball of steam hits your bat!
Your bat dies!
Your bat's corpse disappears in a puff of smoke!
You hear a shout!
You catch the helpless steam dragon completely off-guard!
You claw the steam dragon! Your bite misses the steam dragon.
The steam dragon is heavily wounded.
The steam dragon completely misses you.
The steam dragon claws you but does no damage.
You scratch the steam dragon. Your bite misses the steam dragon.
The steam dragon is severely wounded.
The steam dragon misses you. The steam dragon closely misses you.
You barely miss the steam dragon.
The steam dragon is severely wounded.
The steam dragon completely misses you. The steam dragon claws you.
You scratch the steam dragon but do no damage.
You bite the steam dragon, but do no damage.
The steam dragon is severely wounded.
The steam dragon misses you. The steam dragon closely misses you.
You barely miss the steam dragon.
The steam dragon is severely wounded.
The steam dragon breathes steam at you. The ball of steam hits you.
You hear a shout!
You barely miss the steam dragon. You bite the steam dragon.
The steam dragon is severely wounded.
You are engulfed in a cloud of scalding steam.
The steam dragon completely misses you. The steam dragon closely misses you.
You scratch the steam dragon.
The steam dragon is almost dead.
You are engulfed in a cloud of scalding steam.
* * * LOW HITPOINT WARNING * * *
The steam dragon misses you. The steam dragon claws you.
* * * LOW HITPOINT WARNING * * *
You closely miss the steam dragon.
You bite the steam dragon, but do no damage.
The steam dragon is almost dead.
The steam dragon breathes steam at you. The ball of steam hits you!
You die...

.(...........### #####.##........
.......###.....###........##.###.
.#...#.# #.^^^.#...###.#####.# #.
.......###.^_...>### #.#####.###.
##...####..^^^...## #..[....##.[
#...# #........§# ##########.#
#...# #.#..###..# #.. #...#
#...###..§# * * # ###
##...######.##..@§# , ...*
............##...D###.....* #
............##............ ##
...<..............###..... ##.
##...####...(...### ... #.# #...#
######.##### #########.. #...#
#......# #......##.# #...#
###.#.##.# #.####.##.# ##...##
#......#.####.#.......#


You could see a steam dragon (catching breath).

Vanquished Creatures
  A black bear (D:4)
  4 scorpions
  A hound (D:4)
  A scorpion zombie (D:4)
  A hound zombie (D:4)
  Robin (D:3)
  3 adders
  2 adder zombies (D:4)
  4 worms
  A dart slug (D:5)
  3 orcs
  3 bats
  8 endoplasms
  3 giant cockroaches
  13 goblins
  10 hobgoblins
  3 jackals
  6 kobolds
  3 quokkas
  6 ball pythons
  4 frilled lizards
  4 rats
85 creatures vanquished.

Notes
Turn   | Place    | Note
-------+----------+-------------------------------------------
     0 | D:5      | GabrielManson the Felid Delver began the quest for the Orb.
     0 | D:5      | Reached XP level 1. HP: 10/10 MP: 2/2
     9 | D:5      | Noticed an ogre
    16 | D:5      | Found Deluti Kaupn's Armour Emporium.
    23 | D:5      | Reached XP level 2. HP: 14/14 MP: 3/3
    71 | D:5      | Found Tyclanis's Antique Weapon Shoppe.
    71 | D:5      | Noticed a scorpion
    89 | D:4      | Noticed an orc warrior
    95 | D:4      | Noticed a steam dragon
  1047 | D:1      | Found a faded altar of an unknown god.
  1162 | D:2      | Reached XP level 3. HP: 17/17 MP: 4/4
  1338 | D:2      | Learned a level 1 spell: Shock
  1488 | D:2      | Identified the +4 ring mail of the Beekeeper {Harm rF- rC+}
  1903 | D:2      | Learned a level 1 spell: Animate Skeleton
  2011 | D:3      | Noticed a scorpion
  2046 | D:2      | Gained mutation: You are dopey. (Int -2) [potion of
                  | mutation]
  2046 | D:2      | Gained mutation: Your muscles are strong. (Str +2) [potion
                  | of mutation]
  2051 | D:2      | Killed a scorpion
  2052 | D:2      | Reached skill level 1 in Spellcasting
  2052 | D:2      | Reached skill level 1 in Air Magic
  2052 | D:2      | Reached XP level 4. HP: 6/21 MP: 5/7
  2289 | D:3      | Noticed a scorpion
  2292 | D:3      | Killed a scorpion
  2293 | D:3      | Reached XP level 5. HP: 24/24 MP: 7/9
  2293 | D:3      | Lost mutation: Your muscles are strong. (Str +2) [potion of
                  | mutation]
  2293 | D:3      | Lost mutation: You are dopey. (Int -2) [potion of mutation]
  2293 | D:3      | Gained mutation: You passively map a small area around you.
                  | [potion of mutation]
  2293 | D:3      | Gained mutation: Your magical capacity is low. (-10% MP)
                  | [potion of mutation]
  2293 | D:3      | Gained mutation: Your muscles are strong. (Str +2) [potion
                  | of mutation]
  2389 | D:3      | Noticed Robin
  2488 | D:3      | Killed Robin
  2923 | D:3      | Learned a level 1 spell: Apportation
  2925 | D:3      | Learned a level 1 spell: Summon Small Mammal
  2930 | D:3      | Learned a level 3 spell: Swiftness
  3749 | D:4      | Found a shimmering altar of Xom.
  3780 | D:4      | Found a basalt altar of Yredelemnul.
  3952 | D:4      | Gained mutation: You are covered in thick fur. (AC +2)
                  | [Felid growth]
  3952 | D:4      | Reached XP level 6. HP: 28/28 MP: 10/10
  4069 | D:4      | Noticed a sky beast
  4082 | D:4      | Slain by a sky beast
  4083 | D:4      | Reached XP level 5. HP: 0/24 MP: 11/11
  4118 | D:4      | Reached XP level 6. HP: 21/28 MP: 12/12
  4599 | D:4      | HP: 1/28 [steam dragon (2)]
  4600 | D:4      | Killed from afar by a steam dragon

Illustrated notes

Levels and vault maps discovered:
D:1:      sevenhm_arrival_forest_fort_small_6, layout_basic,
          ebering_ecumenical_altar_webs
D:2:      layout_basic
D:3:      layout_basic, uniq_robin
D:4:      layout_loops_cross, nicolae_yredelemnul_corpse_copse,
          xom_teletrap_fun, grunt_ministairs_9, minmay_cut_off
D:5:      layout_cave_pools, vehumet_altar_wand_db,
          lemuel_coloured_pillars_altar, minmay_temple_entry_water_ring,
          serial_shops, nicolae_inconvenience_store,
          nicolae_shop_hallway_stairs, nicolae_shop_crystal

Skill      XL: |  1  2  3  4  5  6 |
---------------+-------------------+-----
Dodging        | 3 4 |  4.0
Unarmed Combat | 3 4 |  4.6
Spellcasting   | 1 2 3 4 |  4.5
Air Magic      | 1 |  1.0
Fighting       | |  3.3
Stealth        | |  6.6

Action                   |  1- 3 |  4- 6 || total
-------------------------+-------+-------++-------
Melee: Unarmed           |   100 |   160 ||   260
       Bite              |     8 |    23 ||    31
       Punch             |     4 |     7 ||    11
 Cast: Animate Skeleton  |     2 |     8 ||    10
       Shock             |       |     2 ||     2
       Apportation       |       |     1 ||     1
       Summon Small Mamm |       |     2 ||     2
  Use: Potion            |     2 |     2 ||     4
       Scroll            |     2 |       ||     2
 Stab: Sleeping          |    10 |    11 ||    21
       Distracted        |       |     3 ||     3
Armor: Skin              |     3 |     5 ||     8
Dodge: Dodged            |    94 |   121 ||   215

Table legend: (Time is in decaauts)
 A = Elapsed time spent in this place.
 B = Non-inter-level travel time spent in this place.
 C = Inter-level travel time spent in this place.
 D = Time resting spent in this place.
 E = Time spent auto-exploring this place.
 F = Levels seen in this place.
 G = Mean time per level.
                   A        B        C        D        E       F      G
               +--------+--------+--------+--------+--------+-----+--------+
         Total |   4078 |   3991 |     87 |    805 |   2278 |   5 |  815.6 |
       Dungeon |   4078 |   3991 |     87 |    805 |   2278 |   5 |  815.6 |
               +--------+--------+--------+--------+--------+-----+--------+

Top non-repeatable levels by time:
     D:3: 1382 daAuts
     D:2: 921 daAuts
     D:1: 886 daAuts
     D:4: 819 daAuts
     D:5: 69 daAuts
